 Dungeon Crawl Stone Soup version 0.17.1-1-g73c8601 (webtiles) character file.

271 Implojin the Ruffian (level 6, -2/59 HPs)
             Began as a Troll Monk on Apr 8, 2016.
             Slain by Duvessa
             ... wielding a +0 short sword
              (7 damage)
             ... on level 4 of the Dungeon.
             The game lasted 00:04:14 (765 turns).

Implojin the Ruffian (Troll Monk)                    Turns: 765, Time: 00:04:14

Health: -2/59      AC:  5    Str: 20    XL:     6   Next: 2%
Magic:  5/5        EV: 10    Int:  6    God:
Gold:   27         SH:  0    Dex: 14    Spells: 0 memorised, 5 levels left

rFire  . . .     SeeInvis .       - Unarmed
rCold  . . .     Clarity  .     a - +0 robe
rNeg   . . .     SustAt   .     (no shield)
rPois  .         Gourm    +     (helmet restricted)
rElec  .         Spirit   .     (no cloak)
rCorr  .         Warding  .     (gloves unavailable)
rMut   .         Stasis   .     (boots unavailable)
MR     .....                    (no amulet)
Stlth  ++........               (no ring)
                                (no ring)

@: very slightly contaminated, hasted, very quick, not resistant to hostile
enchantments, unstealthy
A: unfitting armour, claws 3, fast metabolism 3, gourmand, regeneration 2,
shaggy fur 1, tough skin 2
a: no special abilities


You were on level 4 of the Dungeon.
You were not hungry.

You visited 1 branch of the dungeon, and saw 4 of its levels.

You collected 27 gold pieces.

Inventory:

Armour
 a - a +0 robe (worn)
 h - a +0 shield
 n - a +0 large shield
 r - a cursed -1 robe
Magical Staves
 l - an uncursed staff of poison {unknown}
 o - an uncursed staff of fire {unknown}
Scrolls
 d - a scroll of identify
 e - a scroll of teleportation
 g - a scroll of enchant armour {unknown}
 j - 3 scrolls of remove curse
 q - a scroll of enchant weapon {unknown}
Potions
 f - a potion of magic {unknown}
 i - a potion of heal wounds {unknown}
 k - a potion of cure mutation {unknown}
 m - a potion of resistance {unknown}
Books
 p - a book of the Dragon

   Spells                             Type                      Level
   a - Flame Tongue                   Conjuration/Fire             1
   b - Cause Fear                     Hexes                        4
   c - Bolt of Fire                   Conjuration/Fire             6
   d - Dragon Form                    Transmutation                7
   e - Dragon's Call                  Summoning                    9
Comestibles
 b - 5 bread rations


   Skills:
 - Level 2.4 Fighting
 - Level 2.4 Dodging
 - Level 1.1 Stealth
 * Level 7.3 Unarmed Combat


You had 5 spell levels left.
You didn't know any spells.

Dungeon Overview and Level Annotations

Branches:
Dungeon (4/15)
 Temple: D:4-7

Altars:

Annotations:
D:2 exclusion: upstairs
D:4 Duvessa


Innate Abilities, Weirdness & Mutations

You are too large for most types of armour.
You have claws for hands.
Your metabolism is lightning-fast.
You like to eat raw meat.
You heal very quickly.
You are covered in fur (AC +1).
You have very tough skin (AC +2).


Message History

Unknown command.
You claw Duvessa!
Duvessa is lightly wounded.
Duvessa barely misses you.
You barely miss Duvessa.
Duvessa is lightly wounded.
You scratch Duvessa but do no damage.
Duvessa is lightly wounded.
Duvessa closely misses you.
You claw Duvessa!
Duvessa is moderately wounded.
Duvessa hits you with a short sword!
* * * LOW HITPOINT WARNING * * *
You claw Duvessa!
Duvessa is severely wounded.
Duvessa hits you with a short sword!
* * * LOW HITPOINT WARNING * * *
Duvessa rages.
You closely miss Duvessa.
Duvessa is severely wounded.
You scratch Duvessa. Your claw misses Duvessa.
Duvessa is severely wounded.
Duvessa hits you with a short sword!
* * * LOW HITPOINT WARNING * * *
You closely miss Duvessa.
Duvessa is severely wounded.
Duvessa misses you.
You closely miss Duvessa.
Duvessa is severely wounded.
Duvessa barely misses you.
You claw Duvessa! Your claw misses Duvessa.
Duvessa is almost dead.
Duvessa hits you with a short sword!
* * * LOW HITPOINT WARNING * * *
Duvessa rages.
You hear a shout!
You scratch Duvessa but do no damage.
Duvessa is almost dead.
Duvessa hits you with a short sword!
You die...

.#..# #.#.####
.#..##### #.#.#
........# #.#.##
#.#
....##..####....##
#$#
##.###.....(.....#
#.# #.#
#.#####.....# #.#
##.# #.#.#.# #.#
.... ..(.....#.#.#
#.# #.##
...######.#@# #.#
#. #.e.#####.# #.
#.........# #.
###.####### ####.#
#.)..# #.##.# #
#.# #..


You could see Duvessa (berserk).

Vanquished Creatures
  Menkaure (D:4)
  Dowan (D:4)
  A hound (D:4)
  The ghost of Implojin the Ruffian, a weakling TrFi (D:3)
  3 adders
  An adder skeleton (D:4)
  A giant gecko (D:2)
  A ball python (D:4)
  3 goblins
  3 hobgoblins
  A kobold (D:1)
  A quokka (D:3)
  3 giant cockroaches
  4 giant newts
  6 rats
31 creatures vanquished.

Notes
Turn   | Place    | Note
--------------------------------------------------------------
     0 | D:1      | Implojin the Troll Monk began the quest for the Orb.
     0 | D:1      | Reached XP level 1. HP: 22/22 MP: 0/0
   216 | D:2      | Reached XP level 2. HP: 29/29 MP: 1/1
   432 | D:3      | Reached skill level 5 in Unarmed Combat
   432 | D:3      | Reached XP level 3. HP: 36/36 MP: 2/2
   445 | D:3      | Noticed Implojin's ghost (weakling TrFi)
   490 | D:3      | Killed Implojin's ghost
   618 | D:4      | Noticed Menkaure
   627 | D:4      | Reached XP level 4. HP: 44/44 MP: 3/3
   644 | D:4      | Killed Menkaure
   644 | D:4      | Reached skill level 7 in Unarmed Combat
   644 | D:4      | Reached XP level 5. HP: 47/50 MP: 4/4
   719 | D:4      | Noticed Dowan
   721 | D:4      | Noticed Duvessa
   732 | D:4      | Killed Dowan
   732 | D:4      | Reached XP level 6. HP: 47/59 MP: 5/5
   765 | D:4      | Slain by Duvessa

Action                   |  1- 3 |  4- 6 || total
-------------------------+-------+-------++-------
Melee: Unarmed           |    57 |    37 ||    94
  Use: Scroll            |     3 |       ||     3
       Potion            |       |     1 ||     1
 Stab: Sleeping          |     1 |       ||     1
  Eat: Chunk             |     7 |       ||     7

Table legend:
 A = Turns spent in this place as a percentage of turns spent in the entire game.
 B = Non-inter-level travel turns spent in this place as a percentage of non-inter-level travel turns spent in the entire game.
 C = Inter-level travel turns spent in this place as a percentage of turns spent in this place.
 D = Turns resting spent in this place as a percentage of non-inter-level travel turns spent in this place.
 E = Turns spent auto-exploring this place as a percentage of non-inter-level travel turns spent in this place.
 F = Non-inter-level travel turns spent in this place divided by the number of levels of this place that you've seen.
                   A       B       C       D       E      F
               +-------+-------+-------+-------+-------+----------------------
         Total | 100.0 | 100.0 |   0.0 |   0.0 |   0.0 | 185.8
       Dungeon | 100.0 | 100.0 |   0.0 |   0.0 |   0.0 | 185.8
               +-------+-------+-------+-------+-------+----------------------

Table legend:
 A = Kills in this place as a percentage of kills in entire the game.
 B = Kills by you in this place as a percentage of kills by you in the entire game.
 C = Kills by friends in this place as a percentage of kills by friends in the entire game.
 D = Other kills in this place as a percentage of other kills in the entire game.
 E = Experience gained in this place as a percentage of experience gained in the entire game.
 F = Experience gained in this place divided by the number of levels of this place that you have seen.
                   A       B       C       D       E      F
               +-------+-------+-------+-------+-------+----------------------
         Total | 100.0 | 100.0 |  -nan |  -nan | 100.0 |  97.0
       Dungeon | 100.0 | 100.0 |  -nan |  -nan | 100.0 |  97.0
               +-------+-------+-------+-------+-------+----------------------
